 Dungeon Crawl Stone Soup version 0.30-a0-476-g330ca2eb8e (webtiles) character file.

Game seed: 3735584810547231553

496 Jase the Digger (level 7, -1/36 HPs)
             Began as a Gargoyle Earth Elementalist on Dec 22, 2022.
             Slain by an iguana (9 damage)
             ... on level 5 of the Dungeon.
             The game lasted 00:16:50 (4104 turns).

Jase the Digger (Gargoyle Earth Elementalist)       Turns: 4104, Time: 00:16:50

Health: -1/36      AC:  6    Str: 12    XL:     7   Next: 15%
Magic:  0/10       EV: 12    Int: 17    God:
Gold:   2          SH:  0    Dex: 10    Spells: 4/10 levels left

rFire   . . .      SeeInvis .    a - +0 dagger
rCold   . . .      Faith    .    (no shield)
rNeg    + . .      Spirit   .    d - +0 robe
rPois   ∞          Reflect  .    (no helmet)
rElec   +          Harm     .    (no cloak)
rCorr   .          Rampage  .    (no gloves)
Will    .....                    (no boots)
Stlth   ++........               (no amulet)
HPRegen 0.26/turn                (no ring)
MPRegen 0.12/turn                (no ring)

@: no status effects
A: sickness immunity, AC +4, negative energy resistance 1, electricity
resistance, torment resistance 1, petrification resistance
a: no special abilities


You were on level 5 of the Dungeon.
You visited 1 branch of the dungeon, and saw 5 of its levels.

You collected 282 gold pieces.
You spent 280 gold pieces at shops.

Inventory:

Hand Weapons
 a - a +0 dagger (weapon)
 b - a +0 rapier
Missiles
 f - 47 stones
 l - 10 poisoned darts
 m - 5 javelins
 o - 10 boomerangs
Armour
 d - a +0 robe (worn)
 k - a +0 pair of boots
Jewellery
 c - a ring of fire
 v - a ring of protection from fire
Wands
 A - a wand of mindburst (4)
Scrolls
 e - 5 scrolls of identify
 g - a scroll of magic mapping
 i - a scroll of vulnerability {unknown}
 j - a scroll of brand weapon {unknown}
 n - a scroll of noise {unknown}
 p - 2 scrolls of teleportation {unknown}
 q - a scroll of enchant weapon {unknown}
 r - a scroll of amnesia {unknown}
 t - a scroll of summoning {unknown}
 u - 2 scrolls of fear
 w - 2 scrolls of fog
 y - a scroll of enchant armour
 z - a scroll of silence {unknown}
 B - 2 scrolls of poison
Potions
 h - 2 potions of heal wounds
 s - a potion of magic
 x - 2 potions of curing
 C - a potion of berserk rage {unknown}


   Skills:
 + Level 2.4 Short Blades
 - Level 3.0 Dodging
 + Level 4.5 Stealth
 - Level 2.0 Spellcasting
 + Level 2.6 Transmutations
 + Level 5.5 Earth Magic


You had 4 spell levels left.
You knew the following spells:

 Your Spells              Type           Power      Damage    Failure   Level
a - Sandblast             Erth           40%        2d10      1%          1
b - Passwall              Tmut/Erth      12%        N/A       5%          2
c - Stone Arrow           Conj/Erth      22%        3d8       19%         3

Your spell library contained the following spells:

 Spells                   Type           Power      Damage    Failure   Level
 Petrify                  Tmut/Erth      15%        N/A       34%         4
 Inner Flame              Hex/Fire       1%         N/A       50%         3
 Flame Wave               Conj/Fire      1%         2d4       88%         4
 Sticky Flame             Conj/Fire      1%         2d3       88%         4


Dungeon Overview and Level Annotations

Branches:
Dungeon (5/15)
 Temple: D:4-7

Altars:

Shops:
D:2 ?


Innate Abilities, Weirdness & Mutations

You are immune to sickness and miasma.
Your stone body is resilient. (AC +4)
You are immune to poison.
You resist negative energy. (rN+)
You are resistant to electric shocks. (rElec)
You are resistant to unholy torment.
You are immune to petrification.


Message History

You hit the iguana.
The iguana is lightly wounded.
The iguana bites you!
You barely miss the iguana.
The iguana is lightly wounded.
The iguana bites you.
You barely miss the iguana.
The iguana is lightly wounded.
You barely miss the iguana.
The iguana is lightly wounded.
The iguana bites you.
* * * LOW HITPOINT WARNING * * *
You are too injured to fight recklessly!
Casting: Sandblast (safe; 1% risk of failure)
Confirm with . or Enter, or press ? or * to list all spells.
Aiming: Sandblast (safe; 1% risk of failure)
Press: ? - help, Shift-Dir - straight line, f - iguana
Aim: an iguana (lightly wounded, 85% to hit)
The blast of sand hits the iguana.
The iguana is heavily wounded.
The iguana barely misses you. x2
You hit the iguana.
The iguana is heavily wounded.
The iguana bites you.
* * * LOW HITPOINT WARNING * * *
You hit the iguana.
The iguana is severely wounded.
The iguana misses you.
You hit the iguana but do no damage.
The iguana is severely wounded.
You hit the iguana but do no damage.
The iguana is severely wounded.
The iguana closely misses you.
You barely miss the iguana.
The iguana is severely wounded.
The iguana bites you but does no damage.
You hit the iguana but do no damage.
The iguana is severely wounded.
The iguana bites you!
You die...

######### #.......#
#.......# #### ##
#.......# #... .#
#.......# #..##.####
#.......# #..)....###
#.......#####..........
#.........@l).......##.
#.......#####...####...
#..........##.#..... #
#........<..#.#####..
####...........###
#.........#....
#..........>...
#........(.##
#.........##


You could see an iguana.

Vanquished Creatures
  An ogre (D:4)
  A phantom (D:4)
  A gnoll bouda (D:5)
  An orc priest (D:3)
  A hound (D:4)
  11 gnolls
  5 adders
  4 worms
  2 dart slugs
  7 orcs (D:3)
  9 endoplasms
  4 giant cockroaches
  12 goblins
  2 hobgoblins
  2 jackals (D:1)
  3 kobolds
  3 quokkas
  7 ball pythons
  6 bats
  2 frilled lizards
  6 rats
90 creatures vanquished.

Vanquished Creatures (others)
  16 plants (D:2)
  3 toadstools (D:3)
19 creatures vanquished.

Grand Total: 109 creatures vanquished

Notes
Turn   | Place    | Note
-------+----------+-------------------------------------------
     0 | D:1      | Jase the Gargoyle Earth Elementalist began the quest for
                  | the Orb.
     0 | D:1      | Reached XP level 1. HP: 10/10 MP: 3/3
    60 | D:1      | Reached skill level 1 in Transmutations
   125 | D:1      | Reached XP level 2. HP: 15/15 MP: 5/5
   633 | D:1      | Reached skill level 4 in Earth Magic
   977 | D:2      | Found Hoadgh's Magic Scroll Emporium.
   985 | D:2      | Reached XP level 3. HP: 18/19 MP: 6/6
   991 | D:2      | Bought a scroll of identify for 22 gold pieces
   991 | D:2      | Bought a scroll of identify for 22 gold pieces
  1098 | D:2      | Bought a scroll of identify for 22 gold pieces
  1185 | D:2      | Found a faded altar of an unknown god.
  1320 | D:2      | Reached XP level 4. HP: 23/24 MP: 1/7
  1680 | D:2      | Reached skill level 1 in Short Blades
  1896 | D:3      | Reached XP level 5. HP: 28/28 MP: 8/8
  2031 | D:2      | Bought a scroll of fear for 44 gold pieces
  2134 | D:3      | Learned a level 2 spell: Passwall
  2138 | D:3      | Learned a level 3 spell: Stone Arrow
  2512 | D:2      | Bought a scroll of fog for 44 gold pieces
  2850 | D:2      | Bought a scroll of enchant armour for 82 gold pieces
  3467 | D:4      | Reached XP level 6. HP: 32/32 MP: 5/9
  3632 | D:4      | Reached skill level 5 in Earth Magic
  3734 | D:2      | Bought a scroll of poison for 44 gold pieces
  4025 | D:5      | Entered Level 5 of the Dungeon
  4070 | D:5      | Reached XP level 7. HP: 36/36 MP: 7/10
  4104 | D:5      | Slain by an iguana

Illustrated notes

Levels and vault maps discovered:
D:1:      heliophobic_arrival_enchanted_forest, layout_basic,
          dreamdust_mushroom_princess
D:2:      layout_rooms, serial_shops, shop,
          chequers_ecumenical_altar_simple_redux, serial_park_tiny_pond,
          serial_bayou_pond_a, grunt_ministairs_12, hex_medium,
          nrook_mini_backslash, serial_bayou_pond_d, st_stairs_4,
          nicolae_grassy_gnolls
D:3:      layout_basic, serial_bayou_pond_d, minmay_gold_behind_fungi,
          grunt_ministairs_7
D:4:      layout_rooms
D:5:      layout_rooms

Skill      XL: |  1  2  3  4  5  6 |
---------------+-------------------+-----
Transmutations | 1 2 |  2.6
Earth Magic    | 4 5 |  5.5
Dodging        | 2 3 |  3.0
Stealth        | 3 4 |  4.5
Short Blades   | 1 2 |  2.4
Spellcasting   | |  2.0

Action                   |  1- 3 |  4- 6 |  7- 9 || total
-------------------------+-------+-------+-------++-------
Melee: Unarmed           |     5 |       |       ||     5
       Dagger            |    81 |   104 |    23 ||   208
       Punch             |       |     1 |       ||     1
 Cast: Sandblast         |    19 |    61 |    11 ||    91
       Passwall          |       |    11 |       ||    11
  Use: Scroll            |     2 |     2 |       ||     4
 Stab: Sleeping          |     4 |    14 |       ||    18
Armor: Robe              |    39 |    32 |     3 ||    74
Dodge: Dodged            |    77 |    70 |    13 ||   160

Table legend: (Time is in decaauts)
 A = Elapsed time spent in this place.
 B = Non-inter-level travel time spent in this place.
 C = Inter-level travel time spent in this place.
 D = Time resting spent in this place.
 E = Time spent auto-exploring this place.
 F = Levels seen in this place.
 G = Mean time per level.
                   A        B        C        D        E       F      G
               +--------+--------+--------+--------+--------+-----+--------+
         Total |   4144 |   3685 |    459 |    419 |   2322 |   5 |  828.8 |
       Dungeon |   4144 |   3685 |    459 |    419 |   2322 |   5 |  828.8 |
               +--------+--------+--------+--------+--------+-----+--------+

Top non-repeatable levels by time:
     D:3: 1231 daAuts
     D:2: 1230 daAuts
     D:1: 935 daAuts
     D:4: 665 daAuts
     D:5: 82 daAuts
